 Dungeon Crawl Stone Soup version 0.28.0-43-g3370ac3207 (webtiles) character file.

Game seed: 3292750140440953146

156 tizbic2 the Magician (level 5, 0/28 HPs)
             Began as a Tengu Hedge Wizard on Mar 4, 2022.
             Was a Believer of Qazlal.
             Killed by divine providence
             ... invoked by an orc priest
              (9 damage)
             ... on level 3 of the Dungeon.
             The game lasted 00:08:38 (2484 turns).

tizbic2 the Magician (Tengu Hedge Wizard)           Turns: 2484, Time: 00:08:38

Health: 0/28       AC:  6    Str: 12    XL:     5   Next: 38%
Magic:  12/12      EV: 13    Int: 15    God:    Qazlal [**....]
Gold:   60         SH:  2    Dex: 13    Spells: 9/12 levels left

rFire   . . .      SeeInvis .   q - +4 hand axe
rCold   . . .      Faith    .   (no shield)
rNeg    . . .      Spirit   .   e - +0 ring mail
rPois   .          Reflect  .   c - +0 hat
rElec   .          Harm     .   (no cloak)
rCorr   .          Rampage  .   i - +0 pair of gloves
Will    .....                   (boots unavailable)
Stlth   +.........              (no amulet)
HPRegen 0.09/turn               (no ring)
MPRegen 0.13/turn               (no ring)

@: flying quickly and evasively, slowed, very slow
A: beak, talons 3, nimble flight
a: Renounce Religion, Upheaval


You were on level 3 of the Dungeon.
You worshipped Qazlal.
Qazlal was pleased with you.
You visited 1 branch of the dungeon, and saw 3 of its levels.

You collected 60 gold pieces.

Inventory:

Hand Weapons
 q - a +4 hand axe (weapon)
 w - a +1 spear of venom
Missiles
 a - 19 sling bullets
 g - 38 arrows
Armour
 b - a +0 plate armour
 c - a +0 hat (worn)
 e - a +0 ring mail (worn)
 i - a +0 pair of gloves (worn)
Jewellery
 d - a ring of flight
Scrolls
 f - a scroll of enchant armour {unknown}
Potions
 h - a potion of haste
 j - a potion of curing {unknown}


   Skills:
 + Level 1.5 Axes
 - Level 2.4 Dodging
 - Level 2.1 Stealth
 * Level 4.1 Spellcasting
 + Level 3.2 Conjurations
 + Level 2.9 Summonings
 - Level 0.9 Translocations


You had 9 spell levels left.
You knew the following spells:

 Your Spells              Type           Power      Damage    Failure   Level
a - Magic Dart            Conj           48%        1d5       11%         1
b - Call Imp              Summ           11%        N/A       19%         2

Your spell library contained the following spells:

 Spells                   Type           Power      Damage    Failure   Level
 Slow                     Hex            12%        N/A       38%         1
 Blink                    Tloc           10%        N/A       38%         2
 Conjure Flame            Conj/Fire      7%         6-21      54%         3
 Mephitic Cloud           Conj/Pois/Air  6%         N/A       61%         3
 Gell's Gravitas          Tloc           5%         N/A       63%         3
 Lesser Beckoning         Tloc           5%         N/A       63%         3
 Teleport Other           Tloc           5%         N/A       63%         3


Dungeon Overview and Level Annotations

Branches:
Dungeon (3/15)

Altars:
Qazlal


Innate Abilities, Weirdness & Mutations

You have a beak for a mouth.
You have claws for feet.
Your magical nature lets you fly swiftly and evasively.


Message History

Natasha completely misses you.
Natasha stares at you and mumbles some strange words.
You feel yourself slow down.
You hit Natasha.
You kill Natasha!
Qazlal accepts your kill.
Natasha screams in pain as she dies!
The white imp disappears in a puff of smoke!
The adder closely misses you. The adder completely misses you.
Your Spellcasting skill increases to level 4!
You closely miss the adder. Your kick misses the adder.
The adder bites you but does no damage. The adder closely misses you.
You hit the adder. You claw the adder, but do no damage.
You peck the adder, but do no damage.
The adder is heavily wounded.
The adder bites you. x2
You are poisoned.
The adder poisons you!
You hit the adder.
The adder is almost dead.
You feel sick. The adder barely misses you. The adder closely misses you.
The adder barely misses you.
An orc priest comes into view. It is wielding a +0 club.
You barely miss the adder. You claw the adder.
You kill the adder!
Qazlal accepts your kill.
You feel sick.
You are no longer poisoned.
The orc priest hits you but does no damage.
Things that are here:
a +0 flail; 23 stones; a scroll of enchant weapon You barely miss the orc priest.
Your kick misses the orc priest. The orc priest barely misses you.
The orc priest hits you but does no damage.
You slash the orc priest!
The orc priest is heavily wounded.
The orc priest hits you but does no damage.
The orc priest calls down the wrath of Beogh upon you.
Beogh smites you!
You die...

#.# ###.# ####.#
#####...#####
.....#
.....>......
######
##.......###
#....(....^. ####
#....)...# ...#
#.#.....##
##.#########
#o##...##
#.........#
#@###.##
#.#######.## #.#
.# ##.## ##...##
#.# .# #...##
#.#.#.###.# .#
.#.#.###.........#
.S
.#.......#.#.#####
.#.#.####...##
#...######.##
##.........#


You could see an orc priest.

Vanquished Creatures
  An orc priest (D:3)
  Natasha (twice) (D:3)
  3 adders
  A worm (D:2)
  A dart slug (D:2)
  2 orcs (D:3)
  5 ball pythons
  3 endoplasms
  5 giant cockroaches
  A goblin (D:1)
  3 hobgoblins
  3 jackals (D:1)
  A bat (D:3)
  4 frilled lizards
  2 kobolds
  4 rats
41 creatures vanquished.

Vanquished Creatures (collateral kills)
  A goblin (D:1)
  A hobgoblin (D:2)
  A jackal (D:1)
  A bat (D:1)
  A kobold (D:1)
5 creatures vanquished.

Grand Total: 46 creatures vanquished

Notes
Turn   | Place    | Note
-------+----------+-------------------------------------------
     0 | D:1      | tizbic2 the Tengu Hedge Wizard began the quest for the Orb.
     0 | D:1      | Reached XP level 1. HP: 10/10 MP: 5/5
    43 | D:1      | Found a faded altar of an unknown god.
    51 | D:1      | Prayed at the altar of an unknown god.
    51 | D:1      | Became a worshipper of Qazlal Stormbringer
    51 | D:1      | Reached * piety under Qazlal
    74 | D:1      | Reached XP level 2. HP: 12/15 MP: 2/7
   142 | D:1      | Learned a level 2 spell: Call Imp
   879 | D:1      | Reached XP level 3. HP: 12/19 MP: 5/8
  1459 | D:2      | Reached ** piety under Qazlal
  1615 | D:2      | Reached XP level 4. HP: 13/24 MP: 10/10
  2080 | D:3      | Noticed Natasha
  2086 | D:3      | Killed Natasha
  2087 | D:3      | Reached skill level 1 in Axes
  2192 | D:3      | Gained mutation: Your magical nature lets you fly swiftly
                  | and evasively. [Tengu growth]
  2192 | D:3      | Reached XP level 5. HP: 3/28 MP: 11/11
  2465 | D:3      | Noticed Natasha
  2477 | D:3      | Killed Natasha
  2478 | D:3      | Reached skill level 4 in Spellcasting
  2484 | D:3      | Killed from afar by an orc priest

Illustrated notes

Levels and vault maps discovered:
D:1:      giann_forest_graveyard, layout_loops_ring,
          chequers_ecumenical_altar_simple_redux, minmay_tall_x
D:2:      layout_rooms
D:3:      layout_loops_ring, uniq_natasha

Skill      XL: |  1  2  3  4  5 |
---------------+----------------+-----
Conjurations   | 2 3 |  3.2
Summonings     | 2 |  2.9
Axes           | 1 |  1.5
Spellcasting   | 4 |  4.1
Dodging        | |  2.4
Stealth        | |  2.1
Translocations | |  0.9

Action                   |  1- 3 |  4- 6 || total
-------------------------+-------+-------++-------
Melee: Dagger            |    65 |       ||    65
       Kick              |    22 |     6 ||    28
       Peck              |    16 |     3 ||    19
       Hand axe          |    17 |    13 ||    30
       Spear             |       |    20 ||    20
 Cast: Magic Dart        |     7 |       ||     7
       Call Imp          |     6 |       ||     6
  Use: Scroll            |     5 |     2 ||     7
Armor: Robe              |     8 |       ||     8
       Ring mail         |    31 |    13 ||    44
Dodge: Dodged            |    49 |    16 ||    65
Block: Other             |    12 |     1 ||    13
